 Dungeon Crawl Stone Soup version 0.30.1-3-gfc49f6343a (webtiles) character file.

Game seed: 14627703793763534639

104 Peloso the Covered (level 4, -1/40 HPs)
             Began as a Minotaur Fighter on July 28, 2023.
             Slain by a cerulean imp
             ... wielding a +0 spear
             ... summoned by Natasha
              (2 damage)
             ... on level 2 of the Dungeon.
             The game lasted 00:02:34 (1769 turns).

Peloso the Covered (Minotaur Fighter)               Turns: 1769, Time: 00:02:35

Health: -1/40      AC:  9    Str: 20    XL:     4   Next: 52%
Magic:  3/3        EV:  7    Int:  5    God:
Gold:   91         SH:  5    Dex: 12    Spells: 3/3 levels left

rFire   . . .        a - +0 long sword
rCold   x . .        d - +0 buckler
rNeg    . . .        c - +0 chain mail
rPois   .            (helmet restricted)
rElec   .            (no cloak)
rCorr   .            (no gloves)
SInv    .            (no boots)
Will    .....        (no amulet) Stlth
                     (no ring)
HPRegen 0.26/turn    (no ring)
MPRegen 0.08/turn

%: no passive effects
@: no status effects
A: horns 2, retaliatory headbutt, cold vulnerability 1, MP-powered wands
a: no special abilities


You were on level 2 of the Dungeon.
You visited 1 branch of the dungeon, and saw 2 of its levels.

You collected 91 gold pieces.

Inventory:

Hand Weapons
 a - a +0 long sword (weapon)
Armour
 b - a +0 scale mail
 c - a +0 chain mail (worn)
 d - a +0 buckler (worn)
Jewellery
 k - a ring of willpower
Scrolls
 e - 2 scrolls of identify
 f - a scroll of amnesia
 g - a scroll of enchant weapon {unknown}
 h - 2 scrolls of teleportation {unknown}
 i - a scroll of vulnerability {unknown}
Potions
 j - a potion of might
 l - a potion of mutation


   Skills:
 + Level 4.3 Fighting
 + Level 4.2 Long Blades
 + Level 4.3 Armour
 + Level 0.3 Dodging
 + Level 4.1 Shields


You had 3 spell levels left.
You didn't know any spells.
Your spell library contained the following spells:

 Spells                   Type           Power      Damage    Failure   Level
 Summon Guardian Golem    Hex/Summ       0%         N/A       100%        3
 Orb of Destruction       Conj           0%         9d5       100%        7
 Spellforged Servitor     Conj/Summ      0%         N/A       100%        7


Dungeon Overview and Level Annotations

Branches:
Dungeon (2/15)

Altars:

Shops:
D:1 [

Annotations:
D:2 Natasha


Innate Abilities, Weirdness & Mutations

You have a pair of horns on your head.
You reflexively headbutt those who attack you in melee.
You are vulnerable to cold. (rC-)
You expend magic power (3 MP) to strengthen your wands.


Message History

The cerulean imp hits you but does no damage.
Something claws you but does no damage.
The cerulean imp hits you but does no damage.
Unknown command.
You barely miss something. The cerulean imp closely misses you.
You hear some strange, mumbled words.
A magic dart appears from out of thin air!
The magic dart hits you. The cerulean imp barely misses you. x2
You hear some strange, mumbled words.
Unknown command.
You miss something. Your headbutt misses something.
The cerulean imp hits you from afar with a +2 spear.
* * * LOW HITPOINT WARNING * * *
You block the cerulean imp's attack. Something claws you but does no damage.
Unknown command.
You miss something. The cerulean imp completely misses you.
You block the cerulean imp's attack.
The cerulean imp hits you but does no damage.
Something claws you but does no damage.
You miss something. Your headbutt misses something.
The cerulean imp hits you from afar with a +0 spear.
* * * LOW HITPOINT WARNING * * *
The cerulean imp hits you but does no damage.
The cerulean imp barely misses you. Something claws you.
* * * LOW HITPOINT WARNING * * *
The cerulean imp hits you from afar with a +2 spear.
* * * LOW HITPOINT WARNING * * *
The cerulean imp hits you but does no damage.
You miss something.
The cerulean imp hits you from afar with a +2 spear.
* * * LOW HITPOINT WARNING * * *
Something completely misses you.
The cerulean imp hits you but does no damage.
The cerulean imp barely misses you. x2
It was a potion of mutation.
You feel extremely strange.
You feel vulnerable to cold.
You feel your magical essence link to the dungeon's wands.
Something claws you but does no damage.
The cerulean imp hits you from afar with a +0 spear.
You die...

# # #.########## # ###
#..........# # #.#
#..........# ###.#
#..........#
#...########..........#
#...#....>.....555....#
..............>..{....#
###...######....@.....#
# #.........)#.########
# ##..###### #.#
####..## #.# .......#
#.# ####..## ####.#####
# #..#####........#
####..#...#.......<#
.............).....#


You could see 3 cerulean imps.

Vanquished Creatures
  Natasha (twice) (D:2)
  2 dart slugs (D:2)
  3 ball pythons
  5 endoplasms
  A giant cockroach (D:2)
  6 goblins
  3 hobgoblins
  5 jackals (D:1)
  4 quokkas (D:1)
  3 bats
  4 frilled lizards
  2 kobolds
  5 rats
45 creatures vanquished.

Notes
Turn   | Place    | Note
-------+----------+-------------------------------------------
     0 | D:1      | Peloso the Minotaur Fighter began the quest for the Orb.
     0 | D:1      | Reached XP level 1. HP: 19/19 MP: 0/0
    46 | D:1      | Found Wekoiray's Armour Shop.
   195 | D:1      | Reached XP level 2. HP: 24/27 MP: 1/1
   530 | D:1      | Reached XP level 3. HP: 32/33 MP: 2/2
   919 | D:2      | Noticed Natasha
  1048 | D:2      | Killed Natasha
  1314 | D:2      | Reached XP level 4. HP: 40/40 MP: 3/3
  1451 | D:2      | Noticed Natasha
  1459 | D:2      | Killed Natasha
  1748 | D:2      | Noticed Natasha
  1767 | D:2      | HP: 2/40 [something (2)]
  1769 | D:2      | Gained mutation: You are vulnerable to cold. (rC-) [potion
                  | of mutation]
  1769 | D:2      | Gained mutation: You expend magic power (3 MP) to
                  | strengthen your wands. [potion of mutation]
  1769 | D:2      | Slain by a cerulean imp

Illustrated notes

Levels and vault maps discovered:
D:1:      amcnicky_arrival_single_pillar, layout_basic, serial_shops, shop
D:2:      layout_basic, kennysheep_generic_room_4, uniq_natasha

Skill      XL: |  1  2  3  4 |
---------------+-------------+-----
Armour         | 4 |  4.3
Fighting       | 4 |  4.3
Shields        | 4 |  4.1
Long Blades    | 3 4 |  4.2
Dodging        | |  0.3

Action                     |  1- 3 |  4- 6 || total
---------------------------+-------+-------++-------
  Melee: Long sword        |    85 |    47 ||   132
         Headbutt          |     7 |     5 ||    12
    Use: Scroll            |     1 |       ||     1
         Potion            |       |     1 ||     1
 Armour: Scale mail        |    42 |       ||    42
         Chain mail        |       |    42 ||    42
  Dodge: Dodged            |    51 |    26 ||    77
  Block: Buckler           |    21 |    16 ||    37
